 Dungeon Crawl Stone Soup version 0.30-a0-381-g6ea064c7b4 (webtiles) character file.

Game seed: 6263334960796174524

446 arthad the Magician (level 7, -7/49 HPs)
             Began as a Djinni Hedge Wizard on Dec 2, 2022.
             Was an Initiate of Makhleb.
             Killed from afar by a white imp (15 damage)
             ... with a puff of frost
             ... on level 5 of the Dungeon.
             The game lasted 00:13:48 (3423 turns).

arthad the Magician (Djinni Hedge Wizard)           Turns: 3423, Time: 00:13:49

Health: -7/49      AC:  3    Str:  9    XL:     7   Next: 24%
Gold:   260        EV: 13    Int: 17    God:    Makhleb [......] SH:  0 Dex: 13

rFire   + + +      SeeInvis .    n - +1 dagger (venom)
rCold   x . .      Faith    .    (no shield)
rNeg    . . .      Spirit   .    k - +1 robe of Wu Jian's Supremacy {rPois rF+}
rPois   ∞          Reflect  .    c - +0 hat
rElec   .          Harm     .    s - scarf {+Inv}
rCorr   .          Rampage  .    (no gloves)
Will    .....                    (boots unavailable)
Stlth   ++........               (no amulet)
HPRegen 0.28/turn                (no ring)
MPRegen 0.00/turn                (no ring)

@: flying
A: sickness immunity, fire resistance 2, cold vulnerability 1, float, innate
caster, HP casting, extra vitality 1
a: Renounce Religion, Evoke Invisibility


You were on level 5 of the Dungeon.
You worshipped Makhleb.
Makhleb was noncommittal.
You visited 1 branch of the dungeon, and saw 5 of its levels.

You collected 260 gold pieces.

Inventory:

Hand Weapons
 a - a +0 dagger
 n - a +1 dagger of venom (weapon)
 q - a +0 dagger of protection
Missiles
 d - 10 poisoned darts
 f - 6 javelins
 p - 4 boomerangs
Armour
 b - a +0 robe
 c - a +0 hat (worn)
 k - the +1 robe of Wu Jian's Supremacy (worn) {rPois rF+}
   (You found it on level 2 of the Dungeon)

   rF:        It protects you from fire.
   rPois:     It protects you from poison.
 s - a scarf of invisibility (worn)
Wands
 u - a wand of quicksilver (2)
 y - a wand of charming (2)
Scrolls
 e - a scroll of immolation
 g - 4 scrolls of identify {unknown}
 j - a scroll of enchant armour {unknown}
 o - a scroll of noise {unknown}
 w - a scroll of blinking {unknown}
 x - a scroll of poison {unknown}
Potions
 h - a potion of flight {unknown}
 i - a potion of heal wounds {unknown}
 m - a potion of invisibility {unknown}
 r - a potion of mutation {unknown}
 t - a potion of lignification {unknown}
 v - a potion of magic {unknown}
 z - a potion of attraction {unknown}


   Skills:
 + Level 2.7 Fighting
 + Level 3.9 Dodging
 + Level 3.2 Stealth
 * Level 4.1 Spellcasting
 + Level 1.0 Invocations


You couldn't memorise any spells.
You knew the following spells:

 Your Spells              Type           Power      Damage    Failure   Level
a - Magic Dart            Conj           68%        1d6       3%          1
b - Slow                  Hex            68%        N/A       3%          1
c - Blink                 Tloc           34%        N/A       4%          2
d - Call Imp              Summ           17%        N/A       4%          2
e - Cigotuvi's Dreadful   Necr/Pois/Air  34%        N/A       4%          2
f - Mephitic Cloud        Conj/Pois/Air  17%        N/A       9%          3
g - Kiss of Death         Conj/Necr      68%        2d10      3%          1
h - Scorch                Fire           34%        2d7       4%          2
i - Gell's Gravitas       Tloc           17%        N/A       9%          3
Your spell library was empty.

Dungeon Overview and Level Annotations

Branches:
Dungeon (5/15)
 Temple: D:4-7

Altars:
Cheibriados
Elyvilon
Hepliaklqana
Makhleb
Xom
The Shining One

Annotations:
D:3 3 runed translucent doors, KennySheep's ghost, weakling DgHu


Innate Abilities, Weirdness & Mutations

You are immune to sickness and miasma.
You are immune to poison.
Your flesh is very heat resistant. (rF++)
You are vulnerable to cold. (rC-)
You float through the air rather than walking.
You learn spells naturally, not from books.
Your magical power is your life essence.
You have superior vitality. (+4 MHP)


Message History

Casting: Scorch (safe; 4% risk of failure)
Confirm with . or Enter, or press ? or * to list all spells.
You blink.
The ufetubus misses your crimson imp.
The ufetubus closely misses your crimson imp.
The scorpion stings you.
* * * LOW HITPOINT WARNING * * *
Your crimson imp blinks!
Casting: Blink (safe; 4% risk of failure)
Confirm with . or Enter, or press ? or * to list all spells.
You are still too unstable to blink.
The adder barely misses you.
As you read the scroll labelled QYEDUVENUE, it crumbles to dust.
The creatures around you are filled with an inner flame!
It was a scroll of immolation.
You feel stable enough to blink again. The adder bites you.
* * * LOW HITPOINT WARNING * * *
The adder bites you.
* * * LOW HITPOINT WARNING * * *
You feel better.
A white imp comes into view.
Found a whip.
Aiming: Quicksilver Bolt
Press: ? - help, Shift-Dir - straight line, f - adder
Aim: an adder (inner flame, 53% to hit)
The bolt of dispelling energy hits the water moccasin!
The water moccasin is severely wounded.
The bolt of dispelling energy misses the scorpion.
The bolt of dispelling energy hits the jelly!!
You kill the jelly!
Makhleb accepts your kill.
The bolt of dispelling energy hits the adder!
Makhleb accepts your kill.
The adder explodes!
The water moccasin bites you!
* * * LOW HITPOINT WARNING * * *
The water moccasin completely misses you.
The white imp gestures at you. The puff of frost hits you!
You feel a terrible chill!
You die...

#### ##) ....# ##....
#####.#.##+##......
.......5...@.##....
...5....#Ss.......
...##..#.###....
#.###.###.#§###.... ..
.......J5.§§§...... #.
.....)).#.##§####.# #.
..#####.#.##.####.#
### #.
#.#......##.###.## #.
#.####.#.##.##.#.####.


You could see a water moccasin (ally target), a scorpion (inner flame), a white
imp and a friendly crimson imp (summoned, very poisoned).

Vanquished Creatures
  An ice beast (D:4)
  A hound (D:5)
  2 orc priests (D:4)
  2 jellies
  5 adders
  3 gnolls (D:5)
  2 worms (D:4)
  2 dart slugs
  8 orcs
  2 bats
  5 endoplasms
  5 giant cockroaches
  10 goblins
  4 hobgoblins
  6 kobolds
  6 quokkas
  2 ball pythons (D:3)
  3 frilled lizards
  5 rats (D:1)
74 creatures vanquished.

Vanquished Creatures (collateral kills)
  2 orc priests
  A worm (D:3)
  7 orcs
  A goblin (D:3)
  2 kobolds (D:3)
13 creatures vanquished.

Grand Total: 87 creatures vanquished

Notes
Turn   | Place    | Note
-------+----------+-------------------------------------------
     0 | D:1      | arthad the Djinni Hedge Wizard began the quest for the Orb.
     0 | D:1      | arthad set off with the following spells memorised: Magic
                  | Dart, Slow, Blink, Call Imp, Cigotuvi's Dreadful Rot,
                  | Mephitic Cloud.
     0 | D:1      | Reached XP level 1. HP: 15/15 MP: 0/0
   229 | D:1      | Reached XP level 2. HP: 18/21 MP: 0/0
   958 | D:2      | Reached XP level 3. HP: 20/26 MP: 0/0
   958 | D:2      | Learned a level 1 spell: Kiss of Death
  1031 | D:2      | Identified the +1 robe of Wu Jian's Supremacy {rPois rF+}
  1249 | D:2      | Reached skill level 1 in Fighting
  1731 | D:3      | Reached XP level 4. HP: 29/32 MP: 0/0
  1803 | D:3      | Reached skill level 3 in Spellcasting
  1935 | D:3      | Reached XP level 5. HP: 34/38 MP: 0/0
  1935 | D:3      | Learned a level 2 spell: Scorch
  2094 | D:3      | Found a runed translucent gate.
  2094 | D:3      | Found a runed translucent gate.
  2094 | D:3      | Found a runed translucent gate.
  2276 | D:3      | Found a faded altar of an unknown god.
  2456 | D:3      | Noticed KennySheep's ghost (weakling DgHu)
  2575 | D:4      | Reached XP level 6. HP: 10/43 MP: 0/0
  2957 | D:4      | Found a hazy altar of Hepliaklqana.
  2962 | D:4      | Found a shimmering altar of Xom.
  2967 | D:4      | Found a burning altar of Makhleb.
  2970 | D:4      | Found a glowing golden altar of the Shining One.
  2972 | D:4      | Found a snail-covered altar of Cheibriados.
  2978 | D:4      | Found a white marble altar of Elyvilon.
  3006 | D:4      | Became a worshipper of Makhleb the Destroyer
  3210 | D:4      | Noticed an ice beast
  3215 | D:4      | Killed an ice beast
  3216 | D:4      | Reached skill level 4 in Spellcasting
  3216 | D:4      | Reached XP level 7. HP: 41/49 MP: 0/0
  3216 | D:4      | Learned a level 3 spell: Gell's Gravitas
  3360 | D:5      | Entered Level 5 of the Dungeon
  3406 | D:5      | Noticed a water moccasin
  3415 | D:5      | Reached skill level 1 in Invocations
  3423 | D:5      | Killed from afar by a white imp

Illustrated notes

Levels and vault maps discovered:
D:1:      dpeg_arrival_ratfight, layout_loops_ring
D:2:      layout_loops_ring
D:3:      layout_loops_cross, gammafunk_ghost_necromancy,
          basic_ecumenical_altar, grunt_decor_fettered, grunt_ministairs_7
D:4:      layout_basic, nicolae_overflow_hallway_of_the_gods, minmay_surrounded
D:5:      layout_loops_cross, dk_noncrumbling_3

Skill      XL: |  1  2  3  4  5  6  7 |
---------------+----------------------+-----
Stealth        | 2 3 |  3.2
Fighting       | 1 2 |  2.7
Spellcasting   | 3 4 |  4.1
Dodging        | 3 |  3.9
Invocations    | 1 |  1.0

Action                   |  1- 3 |  4- 6 |  7- 9 || total
-------------------------+-------+-------+-------++-------
Melee: Dagger            |       |    33 |       ||    33
 Cast: Magic Dart        |    96 |    79 |     4 ||   179
       Call Imp          |       |     8 |     1 ||     9
       Blink             |       |     1 |     1 ||     2
       Mephitic Cloud    |       |     2 |     1 ||     3
       Scorch            |       |     3 |     8 ||    11
Evoke: Wand              |       |     1 |     1 ||     2
  Use: Potion            |       |     1 |     1 ||     2
       Scroll            |       |       |     1 ||     1
Armor: Robe              |     2 |     5 |     2 ||     9
Dodge: Dodged            |     6 |    22 |     9 ||    37

Table legend: (Time is in decaauts)
 A = Elapsed time spent in this place.
 B = Non-inter-level travel time spent in this place.
 C = Inter-level travel time spent in this place.
 D = Time resting spent in this place.
 E = Time spent auto-exploring this place.
 F = Levels seen in this place.
 G = Mean time per level.
                   A        B        C        D        E       F      G
               +--------+--------+--------+--------+--------+-----+--------+
         Total |   3421 |   3302 |    119 |    189 |   2578 |   5 |  684.2 |
       Dungeon |   3421 |   3302 |    119 |    189 |   2578 |   5 |  684.2 |
               +--------+--------+--------+--------+--------+-----+--------+

Top non-repeatable levels by time:
     D:1: 939 daAuts
     D:4: 882 daAuts
     D:2: 787 daAuts
     D:3: 749 daAuts
     D:5: 62 daAuts
